 Dungeon Crawl Stone Soup version 0.21-a0-143-g1ab7d47 (webtiles) character file.

1582 qqqbard the Cruncher (level 8, -3/71 HPs)
             Began as a Minotaur Gladiator on July 25, 2017.
             Was an Initiate of Okawaru.
             Slain by an orc warrior
             ... wielding a +0 mace
              (10 damage)
             ... on level 6 of the Dungeon.
             The game lasted 00:08:51 (5751 turns).

qqqbard the Cruncher (Minotaur Gladiator)           Turns: 5751, Time: 00:08:52

Health: -3/71      AC: 11    Str: 20    XL:     8   Next: 60%
Magic:  7/7        EV: 13    Int:  5    God:    Okawaru [......]
Gold:   448        SH:  0    Dex: 13    Spells: 3/7 levels left

rFire    . . .     SeeInvis .   a - +1 quarterstaff
rCold    . . .     Gourm    .   (shield currently unavailable)
rNeg     . . .     Faith    .   o - +0 scale mail
rPois    .         Spirit   .   c - +0 hat
rElec    .         Reflect  .   L - +0 cloak
rCorr    .         Harm     .   p - +0 pair of gloves
MR       .....                  q - +0 pair of boots
Stlth    ..........             D - amulet of magic regeneration
HPRegen  0.21/turn              (no ring)
MPRegen  0.35/turn              (no ring)

@: no status effects
A: retaliatory headbutt, horns 2
a: Renounce Religion


You were on level 6 of the Dungeon.
You worshipped Okawaru.
Okawaru was noncommittal.
You were not hungry.

You visited 2 branches of the dungeon, and saw 8 of its levels.
You also visited: Sewer.

You collected 448 gold pieces.

Inventory:

Hand Weapons
 a - a +1 quarterstaff (weapon)
Missiles
 d - 4 throwing nets (quivered)
Armour
 c - a +0 hat (worn)
 o - a +0 scale mail (worn)
 p - a +0 pair of gloves (worn)
 q - a +0 pair of boots (worn)
 y - a +0 buckler
 L - a +0 cloak (worn)
Jewellery
 D - an amulet of magic regeneration (around neck)
Wands
 I - a wand of lightning (7/15)
Scrolls
 b - 5 scrolls of enchant weapon
 e - a scroll of amnesia {unknown}
 i - a scroll of teleportation {unknown}
 j - 3 scrolls of magic mapping
 k - 2 scrolls of enchant armour {unknown}
 l - 2 scrolls of blinking {unknown}
 s - 5 scrolls of identify
 u - 5 scrolls of recharging
 x - 2 scrolls of fog {unknown}
 C - a scroll of immolation {unknown}
 E - a scroll of random uselessness {unknown}
 H - a scroll of remove curse {unknown}
Potions
 m - 5 potions of might
 n - a potion of flight {unknown}
 v - a potion of brilliance {unknown}
 w - 2 potions of magic {unknown}
 z - 3 potions of curing {unknown}
 A - 2 potions of mutation {unknown}
 B - 3 potions of degeneration {unknown}
 F - a potion of haste {unknown}
 G - a potion of ambrosia {unknown}
 J - a potion of berserk rage {unknown}
 N - a potion of resistance {unknown}
Books
 t - a book of Maledictions

   Spells                             Type                      Level
   a - Corona                         Hexes                        1
   b - Ensorcelled Hibernation        Hexes/Ice                    2
   c - Confuse                        Hexes                        3
   d - Tukima's Dance                 Hexes                        3
   e - Dazzling Spray                 Conjuration/Hexes            3
 K - a book of Misfortune

   Spells                             Type                      Level
   a - Confusing Touch                Hexes                        1
   b - Confuse                        Hexes                        3
   c - Gell's Gravitas                Translocation                3
   d - Petrify                        Transmutation/Earth          4
   e - Metabolic Englaciation         Hexes/Ice                    5
   f - Yara's Violent Unravelling     Hexes/Transmutation          5
Comestibles
 f - 6 bread rations
 g - 2 royal jellies
 h - 3 meat rations
 r - 4 fruits
 M - a chunk of flesh


   Skills:
 + Level 6.6 Fighting
 * Level 8.8 Staves
 - Level 2.0 Throwing
 + Level 5.8 Armour
 + Level 6.1 Dodging


You had 3 spell levels left.
You knew the following spells:

 Your Spells              Type           Power        Failure   Level  Hunger
a - Petrify               Tmut/Erth      #.......     100%        4    #####..


Dungeon Overview and Level Annotations

Branches:
Dungeon (7/15)             Temple (1/1) D:6

Altars:
Ashenzari
Cheibriados
Dithmenos
Elyvilon
Fedhas
Gozag
Hepliaklqana
Kikubaaqudgha
Makhleb
Nemelex Xobeh
Okawaru
Qazlal
Ru
Sif Muna
Trog
Uskayaw
Wu Jian
Xom
Yredelemnul
Zin
The Shining One

Shops:
D:5 =


Innate Abilities, Weirdness & Mutations

You reflexively headbutt those who attack you in melee.
You have a pair of horns on your head.


Message History

You barely miss the orc warrior.
The orc warrior is heavily wounded.
The orc warrior misses you.
You barely miss the orc warrior.
The orc warrior is heavily wounded.
The orc warrior hits you with a mace.
You hit the orc warrior. You headbutt the orc warrior!
The orc warrior is severely wounded.
You hit the orc warrior.
The orc warrior is almost dead.
The orc warrior hits you with a mace!
* * * LOW HITPOINT WARNING * * *
You barely miss the orc warrior.
You headbutt the orc warrior, but do no damage.
The orc warrior is almost dead.
The orc warrior hits you but does no damage.
You completely miss the orc warrior.
The orc warrior is almost dead.
The orc warrior hits you with a mace!
You die...

##............ #.......#.###
#######.....#.#.#
#.....#..#....#.#
#......>.###....# #.......##
##...# ###.......# #...#
#############..o.....## #..[###
#.....#.......#)@...## #...#..
.............##..)..#######.....#
..............#........##........
..............#..................
..............#.....###.#.......#
..............................#.(
.....:..............^...........#
..............####...............
.............## #...[..........#


You could see an orc warrior.

Vanquished Creatures
  2 ice beasts
  3 ogres
  A centaur (D:5)
  2 bullfrogs (Sewer)
  A gnoll sergeant (D:3)
  A howler monkey (D:6)
  A crimson imp (D:6)
  A hound (D:4)
  2 orc priests
  2 bullfrog skeletons (D:5)
  2 orc wizards
  2 iguanas (D:4)
  4 worker ants (D:4)
  7 gnolls
  18 adders
  7 river rats (Sewer)
  A shadow imp (D:5)
  3 oozes
  2 worms (D:2)
  4 dart slugs
  3 leopard geckos
  13 orcs
  6 giant cockroaches
  8 goblins
  9 hobgoblins
  15 jackals
  4 kobolds
  10 ball pythons
  6 bats
  6 frilled lizards
  2 leopard gecko skeletons (D:4)
  32 rats
180 creatures vanquished.

Notes
Turn   | Place    | Note
-------+----------+-------------------------------------------
     0 | D:1      | qqqbard the Minotaur Gladiator began the quest for the Orb.
     0 | D:1      | Reached XP level 1. HP: 18/18 MP: 0/0
   108 | D:1      | Reached XP level 2. HP: 14/25 MP: 1/1
   144 | D:1      | Reached skill level 1 in Armour
   180 | D:1      | Reached skill level 4 in Staves
   301 | D:1      | Reached XP level 3. HP: 17/31 MP: 2/2
  1122 | D:2      | Reached XP level 4. HP: 38/38 MP: 3/3
  1600 | D:2      | Reached skill level 5 in Staves
  1658 | D:2      | Reached XP level 5. HP: 44/46 MP: 4/4
  1812 | D:3      | Found a glowing drain.
  1816 | Sewer    | Entered a sewer
  2011 | Sewer    | Reached XP level 6. HP: 29/52 MP: 5/5
  2068 | Sewer    | Reached skill level 6 in Staves
  2298 | D:3      | Reached XP level 7. HP: 45/60 MP: 6/6
  2771 | D:3      | Reached skill level 5 in Fighting
  3053 | D:4      | Reached skill level 5 in Dodging
  3394 | D:4      | Reached skill level 7 in Staves
  3724 | D:4      | Reached skill level 5 in Armour
  3724 | D:4      | Reached XP level 8. HP: 23/70 MP: 7/7
  4295 | D:5      | Entered Level 5 of the Dungeon
  4312 | D:5      | Reached skill level 8 in Staves
  4390 | D:5      | Found Teliet's Jewellery Boutique.
  5047 | D:6      | Found a staircase to the Ecumenical Temple.
  5055 | Temple   | Entered the Ecumenical Temple
  5072 | Temple   | Became a worshipper of Warmaster Okawaru
  5335 | D:6      | Found an opulent altar of Gozag.
  5714 | D:6      | Learned a level 4 spell: Petrify
  5751 | D:6      | Slain by an orc warrior

Vault maps used:
D:1:      dpeg_arrival_leaves_temple_mockup, serial_bayou_crossing
D:2:      minivault_26
D:3:      gup_sewer_entry_bowl, kennysheep_generic_room_11
D:4:      serial_forest, infiniplex_forest_clump_diagonal,
          infiniplex_forest_clump_double, infiniplex_forest_clump_double,
          infiniplex_forest_pool, infiniplex_forest_straight_4,
          infiniplex_forest_diagonal, infiniplex_forest_lined_room_3,
          infiniplex_forest_end_1, infiniplex_forest_lined_ring,
          infiniplex_forest_clump_small, first_bread
D:5:      serial_shops, kennysheep_little_box, hex_tiny,
          minmay_misc_feat_secret_circle
D:6:      minmay_temple_entry_trees,
          nicolae_gozag_cash_rules_everything_around_me
D:7:      uniq_prince_ribbit1, uniq_menkaure
Temple:   nicolae_temple_the_god_donut
Sewer:    sewer_minmay_w

Skill      XL: |  1  2  3  4  5  6  7  8 |
---------------+-------------------------+-----
Armour         | 1 2 3 5 |  5.8
Staves         | 4 5 6 7 8 |  8.8
Fighting       | 3 4 5 6 |  6.6
Dodging        | 4 5 6 |  6.1
Throwing       | |  2.0

Action                   |  1- 3 |  4- 6 |  7- 9 || total
-------------------------+-------+-------+-------++-------
Melee: Quarterstaff      |    76 |   154 |   185 ||   415
       Headbutt          |     7 |    22 |    33 ||    62
  Use: Scroll            |       |     1 |     5 ||     6
       Potion            |       |     1 |       ||     1
  Eat: Chunk             |     1 |     4 |    11 ||    16
Armor: Leather armour    |    13 |     6 |       ||    19
       Scale mail        |       |    79 |    56 ||   135
Dodge: Dodged            |    56 |   141 |   101 ||   298
